 Dungeon Crawl Stone Soup version 0.27.1-33-g824d729ab1 (webtiles) character file.

Game seed: 4400948431387403483

285 zeram the Shield-Bearer (level 6, -3/37 HPs)
             Began as a Gargoyle Fighter on Dec 16, 2021.
             Slain by an orc priest (5 damage)
             ... on level 4 of the Dungeon.
             The game lasted 00:03:14 (3291 turns).

zeram the Shield-Bearer (Gargoyle Fighter)          Turns: 3291, Time: 00:03:14

Health: -3/37      AC: 14    Str: 22    XL:     6   Next: 29%
Magic:  6/6        EV:  8    Int:  8    God:
Gold:   105        SH:  9    Dex:  9    Spells: 5/5 levels left

rFire    . . .     SeeInvis .   a - +0 flail
rCold    . . .     Faith    .   c - +0 kite shield
rNeg     + . .     Spirit   .   b - +0 scale mail
rPois    ∞         Reflect  .   h - +0 helmet
rElec    +         Harm     .   (no cloak)
rCorr    .         Rampage  .   (no gloves)
Will     .....                  i - +0 pair of boots {Fly}
Stlth    ..........             (no amulet)
HPRegen  0.12/turn              (no ring)
MPRegen  0.10/turn              (no ring)

@: mighty, flying
A: sickness immunity, AC +4, negative energy resistance 1, electricity
resistance, torment resistance 1, petrification resistance
a: no special abilities


You were on level 4 of the Dungeon.
You visited 1 branch of the dungeon, and saw 4 of its levels.

You collected 105 gold pieces.

Inventory:

Hand Weapons
 a - a +0 flail (weapon)
Missiles
 f - 137 stones (quivered)
Armour
 b - a +0 scale mail (worn)
 c - a +0 kite shield (worn)
 h - a +0 helmet (worn)
 i - a +0 pair of boots of flying (worn)
Potions
 g - a potion of degeneration


   Skills:
 - Level 3.2 Fighting
 + Level 4.0 Maces & Flails
 + Level 4.8 Armour
 + Level 1.2 Dodging
 + Level 4.8 Shields


You had 5 spell levels left.
You didn't know any spells.
Your spell library contained the following spells:

 Spells                   Type           Power      Damage    Failure   Level
 Ensorcelled Hibernation  Hex/Ice        0%         N/A       99%         2
 Spider Form              Tmut/Pois      0%         N/A       100%        3
 Tukima's Dance           Hex            0%         N/A       100%        3
 Passage of Golubria      Tloc           N/A        N/A       100%        4
 Yara's Violent Unravell  Hex/Tmut       0%         3d3       100%        5
 Shadow Creatures         Summ           N/A        N/A       100%        6


Dungeon Overview and Level Annotations

Branches:
Dungeon (4/15)
 Temple: D:4-7

Altars:
Okawaru

Annotations:
D:3 2 transporters, zeram's ghost, weakling MfFi


Innate Abilities, Weirdness & Mutations

You are immune to sickness and miasma.
Your stone body is resilient. (AC +4)
You are immune to poison.
You resist negative energy. (rN+)
You are resistant to electric shocks. (rElec)
You are resistant to unholy torment.
You are immune to petrification.


Message History

The orc hits you with a +0 whip. You block the orc's attack.
The orc priest hits you but does no damage.
The orc hits you but does no damage.
You closely miss the orc priest. The orc hits you but does no damage.
You block the orc's attack. You block the kobold's attack.
The orc priest hits you but does no damage.
You block the orc's attack. The orc hits you with a +0 whip.
The orc barely misses you. The kobold hits you but does no damage.
The orc priest mumbles some strange prayers to Beogh against you.
Pain shoots through your body!
You barely miss the orc priest. The orc barely misses you.
You block the orc's attack. The orc barely misses you.
The orc priest misses you.
Unknown command.
You closely miss the orc priest. The orc hits you but does no damage.
You block the orc's attack. You block the kobold's attack.
The orc hits you but does no damage.
The orc priest hits you with a +0 flail.
The orc hits you but does no damage. The kobold hits you but does no damage.
The orc hits you but does no damage. x2
Unknown command.
You closely miss the orc priest.
The orc priest hits you with a +0 flail!
* * * LOW HITPOINT WARNING * * *
The orc closely misses you. The kobold hits you but does no damage.
The orc hits you with a +0 whip.
* * * LOW HITPOINT WARNING * * *
The orc barely misses you. The kobold hits you with a +0 dagger.
* * * LOW HITPOINT WARNING * * *
The orc priest calls upon Beogh to heal the orc.
The orc's wounds heal themselves!
Okay, then.
You aren't carrying any scrolls.
You sock the orc priest!
The orc priest is heavily wounded.
You block the orc's attack. The orc misses you. You block the kobold's attack.
The orc closely misses you. The kobold hits you with a +0 dagger.
* * * LOW HITPOINT WARNING * * *
The orc priest hits you with a +0 flail.
You die...

.....#...
#...#...
...#...
#.....
#.....
#....#
#..oo#
#..o@##
#..#oKK##
#. ##...##
##.<.#
###.......
#......
...<..
.....
.....


You could see an orc priest, 3 orcs and 2 kobolds.

Vanquished Creatures
  A necrophage (D:3)
  2 orc priests
  A hound (D:3)
  Robin (D:2)
  4 adders
  2 worms
  5 orcs (D:3)
  3 endoplasms
  2 giant cockroaches
  13 goblins
  7 hobgoblins
  2 kobolds
  2 quokkas
  3 ball pythons
  6 bats
  2 frilled lizards
  4 rats
60 creatures vanquished.

Vanquished Creatures (others)
  5 withered plants (D:3)
5 creatures vanquished.

Grand Total: 65 creatures vanquished

Notes
Turn   | Place    | Note
-------+----------+-------------------------------------------
     0 | D:1      | zeram the Gargoyle Fighter began the quest for the Orb.
     0 | D:1      | Reached XP level 1. HP: 14/14 MP: 1/1
   516 | D:1      | Reached XP level 2. HP: 19/19 MP: 2/2
  1171 | D:2      | Found an iron altar of Okawaru.
  1213 | D:2      | Reached XP level 3. HP: 19/23 MP: 3/3
  1391 | D:2      | Noticed Robin
  1415 | D:2      | Killed Robin
  1843 | D:2      | Reached XP level 4. HP: 28/28 MP: 4/4
  2291 | D:3      | Found a transporter.
  2293 | D:3      | Noticed zeram's ghost (weakling MfFi)
  2448 | D:3      | Noticed a necrophage
  2472 | D:3      | Killed a necrophage
  2473 | D:3      | Reached skill level 1 in Dodging
  2473 | D:3      | Reached XP level 5. HP: 31/32 MP: 5/5
  2576 | D:3      | Found a faded altar of an unknown god.
  2677 | D:3      | Reached XP level 6. HP: 18/37 MP: 6/6
  3067 | D:3      | Found a transporter.
  3291 | D:4      | Slain by an orc priest

Illustrated notes

Levels and vault maps discovered:
D:1:      minmay_arrival_shattered_statue, layout_loops_ring,
          nrook_loot_triangle, minivault_4, st_stairs_7, minmay_crystal_room,
          chequers_serial_rivers_micro_e
D:2:      layout_loops_ring, basic_altar, minmay_crystal_water,
          wad_floor_pattern_1, uniq_robin
D:3:      layout_basic, ebering_ecumenical_altar_petrified,
          gammafunk_ghost_stat_death
D:4:      layout_layer_cave, uniq_sigmund, uniq_crazy_yiuf_cottage

Skill      XL: |  1  2  3  4  5  6 |
---------------+-------------------+-----
Armour         | 4 |  4.8
Shields        | 4 |  4.8
Maces & Flails | 3 4 |  4.0
Dodging        | 1 |  1.2
Fighting       | |  3.2

Action                   |  1- 3 |  4- 6 || total
-------------------------+-------+-------++-------
Melee: Flail             |    96 |   142 ||   238
  Use: Scroll            |     3 |     3 ||     6
       Potion            |       |     1 ||     1
Armor: Scale mail        |    56 |    82 ||   138
Dodge: Dodged            |    28 |    59 ||    87
Block: Kite shield       |    75 |    89 ||   164
